 Dungeon Crawl Stone Soup version 0.27-a0-1456-gf5a116941d (webtiles) character file.

Game seed: 3931756703817781214

655 Sabo the Covered (level 7, -7/45 HPs)
             Began as a Gargoyle Fighter on July 5, 2021.
             Was a Follower of Ashenzari.
             Mangled by a yak (11 damage)
             ... on level 4 of the Dungeon.
             The game lasted 00:21:33 (3927 turns).

Sabo the Covered (Gargoyle Fighter)                 Turns: 3927, Time: 00:21:34

Health: -7/45      AC: 13    Str: 21    XL:     7   Next: 54%
Magic:  7/7        EV:  9    Int:  9    God:    Ashenzari [*.....]
Gold:   144        SH: 11    Dex: 21    Spells: 6/6 levels left

rFire    . . .     SeeInvis .   o - +1 broad axe (freeze)
rCold    . . .     Faith    .   c - +0 kite shield
rNeg     + . .     Spirit   .   b - +0 scale mail
rPois    ∞         Reflect  .   (no helmet)
rElec    +         Harm     .   h - +0 cloak
rCorr    .         Rampage  .   (no gloves)
Will     .....                  (no boots)
Stlth    +.........             (no amulet)
HPRegen  0.15/turn              e - ring "Shackled With Me" {Dex+6, Self, Elem} (curse)
MPRegen  0.10/turn              k - ring of the Eye in the Sky {Dex+6, Alch, Comp} (curse)

@: no status effects
A: sickness immunity, AC +4, negative energy resistance 1, electricity
resistance, torment resistance 1, petrification resistance
a: Renounce Religion, Curse Item, Shatter the Chains


You were on level 4 of the Dungeon.
You worshipped Ashenzari.
Ashenzari was aware of your devotion.
You visited 1 branch of the dungeon, and saw 4 of its levels.

You collected 144 gold pieces.

Inventory:

Hand Weapons
 n - a +2 hunting sling of freezing
 o - a +1 broad axe of freezing (weapon)
Missiles
 a - 20 arrows
 g - a throwing net
 i - 34 bolts
 l - 55 sling bullets
 m - 4 boomerangs (quivered)
 p - 8 poisoned darts
Armour
 b - a +0 scale mail (worn)
 c - a +0 kite shield (worn)
 h - a +0 cloak (worn)
Jewellery
 e - the cursed ring "Shackled With Me" (left hand) {Dex+6, Self, Elem}
   (You found it on level 1 of the Dungeon)

   [ring of dexterity]

   Dex:       It affects your dexterity (+6).
   It has a curse which improves the following skills: Introspection: Fighting
   and Spellcasting.
   Elements:  Fire Magic, Ice Magic, Air Magic and Earth Magic.
 k - the cursed ring of the Eye in the Sky (right hand) {Dex+6, Alch, Comp}
   (You found it on level 1 of the Dungeon)

   [ring of dexterity]

   Dex:       It affects your dexterity (+6).
   It has a curse which improves the following skills: Alchemy: Poison Magic and
   Transmutations.
   Companions: Summonings and Necromancy.
Scrolls
 d - a scroll of silence
 f - 2 scrolls of teleportation
 j - a scroll of fog


   Skills:
 + Level 4.9(5.9) Fighting
 + Level 4.4 Axes
 + Level 5.0 Armour
 + Level 1.7 Dodging
 + Level 0.5 Stealth
 + Level 5.0 Shields


You had 6 spell levels left.
You didn't know any spells.
Your spell library contained the following spells:

 Spells                   Type           Power      Damage    Failure   Level
 Animate Skeleton         Necr           0%         N/A       98%         1


Dungeon Overview and Level Annotations

Branches:
Dungeon (4/15)
 Temple: D:4-7

Altars:
Ashenzari
Kikubaaqudgha
Sif Muna
Vehumet

Shops:
D:1 !

Portals:
Abyss: D:4

Annotations:
D:4 2 transporters, atabob's ghost, amateur HOMo


Innate Abilities, Weirdness & Mutations

You are immune to sickness and miasma.
Your stone body is resilient. (AC +4)
You are immune to poison.
You resist negative energy. (rN+)
You are resistant to electric shocks. (rElec)
You are resistant to unholy torment.
You are immune to petrification.


Message History

The yak gores you but does no damage. You block the yak's attack.
Your shield prevents you from hitting the yak.
The yak is severely wounded.
You block the yak's attack.
You hit the yak. You freeze the yak.
The yak is severely wounded.
The yak gores you. You block the yak's attack.
You barely miss the yak.
The yak is severely wounded.
The yak gores you but does no damage.
You barely miss the yak.
The yak is severely wounded.
You block the yak's attack. The yak barely misses you.
You slash the yak! You freeze the yak.
You kill the yak!
Your Axes skill increases to level 4!
Your Dodging skill increases to level 1!
You have reached level 7!
You slash the yak! You freeze the yak.
You kill the yak!
The ball python closely misses you. The ball python barely misses you.
Your Armour skill increases to level 5!
Your Shields skill increases to level 5!
You barely miss the ball python. The ball python barely misses you.
You block the ball python's attack.
You slash the yak! You freeze the yak.
The yak is lightly wounded.
The yak gores you but does no damage.
You slash the yak! You freeze the yak.
The yak is severely wounded.
The yak gores you but does no damage.
You slash the yak! You freeze the yak.
The yak is almost dead.
The yak gores you! You block the yak's attack.
You hit the yak. You freeze the yak.
The yak is almost dead.
The yak gores you!
* * * LOW HITPOINT WARNING * * *
The yak gores you!
You die...

8##(..##8###8#.......#
##....
.........S...........#
#.....
....$.......S........#
#.....
.............Y.......#
#.....
8##...##8###8#.......#
#..<.. #...
#######..Y....# #.####
#8.. #.#...#.......#
#..... ##..
#.###.###.##### #####. #.
#......@YS# #. #.
##.##.##### ########.
#.##.# #........ ..##.#
#.######. #####.######
#.#. .... ##..........#
#.#...... #......####.#
#.#.###.. #...<..#
#.#####.##.....
#[.....####...........#.#


You could see a yak and a ball python.

Vanquished Creatures
  3 yaks (D:4)
  A wight (D:4)
  An iguana (D:4)
  A hound skeleton (D:4)
  4 adders
  4 gnolls (D:3)
  An ufetubus (D:4)
  2 dart slugs
  4 orcs
  6 endoplasms
  9 goblins
  6 hobgoblins
  4 kobolds
  5 quokkas
  8 ball pythons
  5 bats
  4 frilled lizards (D:1)
  3 rats
71 creatures vanquished.

Notes
Turn   | Place    | Note
-------+----------+-------------------------------------------
     0 | D:1      | Sabo the Gargoyle Fighter began the quest for the Orb.
     0 | D:1      | Reached XP level 1. HP: 14/14 MP: 1/1
   231 | D:1      | Reached XP level 2. HP: 15/19 MP: 2/2
   932 | D:1      | Reached XP level 3. HP: 24/24 MP: 3/3
  1011 | D:1      | Found Hiaxyph's Distillery.
  1421 | D:2      | Found a faded altar of an unknown god.
  1459 | D:2      | Became a worshipper of Ashenzari the Shackled
  1894 | D:2      | Reached XP level 4. HP: 25/30 MP: 4/4
  2401 | D:3      | Found a radiant altar of Vehumet.
  2410 | D:3      | Identified Kikubaaqudgha's Grimoire of Stolen Souls
  2411 | D:3      | Found an ancient bone altar of Kikubaaqudgha.
  2412 | D:3      | Found a shimmering blue altar of Sif Muna.
  2466 | D:3      | Reached XP level 5. HP: 4/34 MP: 5/5
  2927 | D:3      | Reached * piety under Ashenzari
  3330 | D:4      | Noticed a small abomination
  3331 | D:4      | Found a one-way gate to the infinite horrors of the Abyss.
  3331 | D:4      | Noticed atabob's ghost (amateur HOMo)
  3364 | D:4      | Found a transporter.
  3369 | D:4      | Identified a scroll of acquirement
  3377 | D:4      | Found a transporter.
  3628 | D:4      | Acquired a +1 broad axe of freezing
  3684 | D:4      | Reached XP level 6. HP: 25/40 MP: 6/6
  3889 | D:4      | Noticed a yak
  3889 | D:4      | Noticed a yak
  3904 | D:4      | Noticed a yak
  3905 | D:4      | Noticed a yak
  3911 | D:4      | Killed a yak
  3921 | D:4      | Killed a yak
  3922 | D:4      | Reached skill level 1 in Dodging
  3922 | D:4      | Reached XP level 7. HP: 26/45 MP: 7/7
  3922 | D:4      | Killed a yak
  3923 | D:4      | Reached skill level 5 in Armour
  3923 | D:4      | Reached skill level 5 in Shields
  3927 | D:4      | Mangled by a yak

Illustrated notes

Levels and vault maps discovered:
D:1:      dpeg_arrival_rooms_c, layout_loops_corners, serial_shops,
          nicolae_lakefront_shop
D:2:      layout_basic, chequers_ecumenical_altar_simple, serial_corexii_hall,
          corexii_hall_statues_l, corexii_hall_statues_t,
          amcnicky_mini_pool_small, minmay_split_cup_large
D:3:      layout_basic, grunt_temple_overflow_magic_moments, nrook_loot_triangle
D:4:      layout_basic, lemuel_doored_altar, gammafunk_ghost_abyssal_escape,
          serial_corexii_hall, corexii_hall_statues_l, corexii_hall_statues_x,
          st_stairs_1

Skill      XL: |  1  2  3  4  5  6  7 |
---------------+----------------------+-----
Axes           | 2 3 4 |  4.4
Armour         | 4 5 |  5.0
Shields        | 4 5 |  5.0
Fighting       | 4 |  4.9
Dodging        | 1 |  1.7
Stealth        | |  0.5

Action                   |  1- 3 |  4- 6 |  7- 9 || total
-------------------------+-------+-------+-------++-------
Melee: War axe           |    78 |    82 |       ||   160
       Broad axe         |       |    32 |     6 ||    38
Invok: Curse Item        |     1 |     1 |       ||     2
  Use: Scroll            |       |     2 |       ||     2
       Potion            |       |     2 |       ||     2
Armor: Scale mail        |    28 |    62 |     2 ||    92
Dodge: Dodged            |    24 |    43 |     3 ||    70
Block: Kite shield       |    48 |    86 |     2 ||   136

Table legend: (Time is in decaauts)
 A = Elapsed time spent in this place.
 B = Non-inter-level travel time spent in this place.
 C = Inter-level travel time spent in this place.
 D = Time resting spent in this place.
 E = Time spent auto-exploring this place.
 F = Levels seen in this place.
 G = Mean time per level.
                   A        B        C        D        E       F      G
               +--------+--------+--------+--------+--------+-----+--------+
         Total |   4046 |   4046 |      0 |   1281 |      0 |   4 | 1011.5 |
       Dungeon |   4046 |   4046 |      0 |   1281 |      0 |   4 | 1011.5 |
               +--------+--------+--------+--------+--------+-----+--------+

Top non-repeatable levels by time:
     D:1: 1454 daAuts
     D:3: 1041 daAuts
     D:2: 896 daAuts
     D:4: 653 daAuts
